 Dungeon Crawl Stone Soup version 0.21.0-3-g78d12a8 (webtiles) character file.

132 Diojeanne the Chopper (level 4, -19/40 HPs)
             Began as a Minotaur Berserker on Jan 18, 2018.
             Was a Priest of Trog.
             Demolished by an ogre
             ... wielding a +0 giant club
              (23 damage)
             ... on level 3 of the Dungeon.
             The game lasted 00:09:16 (1305 turns).

Diojeanne the Chopper (Minotaur Berserker)          Turns: 1305, Time: 00:09:17

Health: -19/40     AC:  9    Str: 22    XL:     4   Next: 92%
Magic:  3/3        EV:  9    Int:  4    God:    Trog [***...]
Gold:   96         SH:  0    Dex: 10    Spells: 3/3 levels left

rFire    . . .     SeeInvis .   a - +0 hand axe
rCold    . . .     Gourm    .   (no shield)
rNeg     . . .     Faith    .   e - +0 chain mail
rPois    .         Spirit   .   (helmet restricted)
rElec    .         Reflect  .   (no cloak)
rCorr    .         Harm     .   (no gloves)
MR       .....                  (no boots)
Stlth    ..........             (no amulet)
HPRegen  0.13/turn              (no ring)
MPRegen  0.08/turn              (no ring)

@: no status effects
A: retaliatory headbutt, horns 2
a: Berserk, Trog's Hand, Burn Spellbooks, Renounce Religion


You were on level 3 of the Dungeon.
You worshipped Trog.
Trog was most pleased with you.
You were not hungry.

You visited 1 branch of the dungeon, and saw 3 of its levels.

You collected 96 gold pieces.

Inventory:

Hand Weapons
 a - a +0 hand axe (weapon)
 b - a +0 hunting sling
Missiles
 g - 84 stones
 k - 6 tomahawks (quivered)
 p - 13 sling bullets
Armour
 e - a +0 chain mail (worn)
Scrolls
 i - 4 scrolls of identify {unknown}
 j - 2 scrolls of remove curse {unknown}
 l - a scroll of magic mapping {unknown}
 m - a scroll of enchant weapon {unknown}
 n - 2 scrolls of teleportation {unknown}
 s - a scroll of amnesia {unknown}
Potions
 f - a potion of haste {unknown}
 h - a potion of magic {unknown}
 o - a potion of brilliance {unknown}
 r - a potion of heal wounds {unknown}
Comestibles
 c - 3 rations
 t - 2 chunks of flesh


   Skills:
 - Level 4.0 Fighting
 * Level 4.8 Axes
 + Level 1.4 Throwing
 * Level 4.0 Armour
 + Level 3.0 Dodging


You had 3 spell levels left.
You didn't know any spells.

Dungeon Overview and Level Annotations

Branches:
Dungeon (3/15)

Altars:
Vehumet


Innate Abilities, Weirdness & Mutations

You reflexively headbutt those who attack you in melee.
You have a pair of horns on your head.


Message History

The ogre hits you with a giant club.
a - a +0 hand axe (weapon)
Your chain mail prevents you from hitting the ogre.
The ogre is moderately wounded.
The ogre hits you with a giant club!!
Ouch! That really hurt!
* * * LOW HITPOINT WARNING * * *
You hit the ogre. You headbutt the ogre.
The ogre is heavily wounded.
The ogre closely misses you. You furiously retaliate!
You headbutt the ogre, but do no damage.
You hit the ogre. You headbutt the ogre!
The ogre is almost dead.
The ogre hits you with a giant club.
* * * LOW HITPOINT WARNING * * *
You hit the ogre but do no damage.
The ogre is almost dead.
The ogre hits you with a giant club!!
Ouch! That really hurt!
You die...

##...## ##...# #. #..#
....#.# #.##.# #. ##..#
# .##.##.#.# .# #.
#...##.###.# .#..# #..
.# #. #...<......# .#.##
#### #####.##...##.#####
.#.# .........<.# # .#.#
####...##.#
.#.#######.#######...#.#
.............(..@.###..#
...#######.####.O.# #.#
#..# #?(.# ##..
#.)#######. ...... !.#
#.......... .....(.. ..#
#.########.#......... #
#.# ......(..... #.#
#####.(...... #..


You could see an ogre.

Vanquished Creatures
  Robin (D:2)
  4 adders (D:2)
  2 worms (D:2)
  2 dart slugs (D:1)
  A leopard gecko (D:1)
  3 giant cockroaches
  11 goblins
  16 hobgoblins
  A ball python (D:2)
  5 bats (D:1)
  3 frilled lizards (D:1)
  10 kobolds
  6 rats
65 creatures vanquished.

Vanquished Creatures (others)
  Jessica (D:3)
  A frilled lizard (D:3)
2 creatures vanquished.

Grand Total: 67 creatures vanquished

Notes
Turn   | Place    | Note
-------+----------+-------------------------------------------
     0 | D:1      | Diojeanne the Minotaur Berserker began the quest for the Orb.
     0 | D:1      | Reached XP level 1. HP: 19/19 MP: 0/0
   106 | D:1      | Reached XP level 2. HP: 20/27 MP: 1/1
   344 | D:1      | Reached ** piety under Trog
   501 | D:1      | Reached XP level 3. HP: 24/33 MP: 2/2
   741 | D:2      | Noticed Robin
   746 | D:2      | Reached skill level 1 in Throwing
   753 | D:2      | Killed Robin
   753 | D:2      | Reached XP level 4. HP: 40/40 MP: 3/3
  1169 | D:3      | Noticed Jessica
  1179 | D:3      | Killed Jessica
  1181 | D:3      | Found a radiant altar of Vehumet.
  1292 | D:3      | Reached *** piety under Trog
  1295 | D:3      | Noticed an ogre
  1305 | D:3      | Demolished by an ogre

Skill      XL: |  1  2  3  4 |
---------------+-------------+-----
Armour         | 3 4 |  4.0
Axes           | 4 |  4.8
Fighting       | 4 |  4.0
Throwing       | 1 |  1.4
Dodging        | 3 |  3.0

Action                   |  1- 3 |  4- 6 || total
-------------------------+-------+-------++-------
Melee: Hand axe          |    66 |    10 ||    76
       Headbutt          |     8 |     2 ||    10
 Fire: Hunting sling     |       |    55 ||    55
Throw: Stone             |     3 |       ||     3
Invok: Berserk           |     1 |       ||     1
  Eat: Chunk             |       |     2 ||     2
Armor: Chain mail        |    54 |     9 ||    63
Dodge: Dodged            |    34 |    12 ||    46
